Map: [ESL] Gresvan

Players

Cure - Winner!

  • Race: Terran Terran
  • Spawn Location: 11:00

GuMiho

  • Race: Terran Terran
  • Spawn Location: 5:00

Event: ESL SC2 Masters 2023 Summer (Finals)

VOD

Have the link to the VOD?

Description

Time

  • Played on: June 16, 2023, 11:33 a.m.
  • Length: 9:24

All games in this series

Show
View Real Time Build Order
Export as new Build Order

Cure Terran - Winner!

Build Orders:  

Get SALT Encoding   

  12  0:00  SCV  
  13  0:12  SCV  
  14  0:17  Supply Depot  
  14  0:24  SCV  
  15  0:38  SCV  
  15  0:40  Barracks  
  15  0:42  Refinery  
  16  0:50  SCV  
  16  0:52  Refinery  
  17  1:02  SCV  
  18  1:14  SCV  
  19  1:27  Orbital Command, Reaper  
  19  1:32  Supply Depot  
  20  1:41  Factory  
  20  1:55  SCV  
  20  2:00  Reaper  
  22  2:07  SCV  
  22  2:19  SCV  
  23  2:25  Hellion  
  25  2:31  SCV  
  25  2:32  Command Center, Reaper  
  27  2:42  Supply Depot  
  27  2:43  SCV  
  28  2:46  Widow Mine  
  30  2:55  SCV  
  30  2:58  Starport  
  31  3:05  Barracks Reactor  
  31  3:07  SCV  
  31  3:08  Factory Tech Lab  
  32  3:19  SCV  
  33  3:27  Cyclone  
  33  3:30  Refinery  
  33  3:31  SCV  
  37  3:36  Starport Tech Lab  
  37  3:43  Marine x2, SCV  
  37  3:44  Orbital Command  
  40  3:54  Raven  
  42  3:56  SCV  
  42  3:59  Supply Depot  
  42  4:02  Refinery  
  43  4:03  Marine x2  
  43  4:08  SCV  
  49  4:10  Siege Tank  
  49  4:13  SCV  
  50  4:20  SCV  
  50  4:23  Marine x2  
  53  4:26  SCV  
  53  4:29  Starport  
  54  4:36  Raven  
  56  4:40  Supply Depot  
  56  4:41  Marine x2  
  53  4:50  SCV x2  
  51  4:57  Siege Tank  
  51  4:58  Marine  
  51  4:59  Marine  
  53  5:02  SCV x2  
  55  5:10  Viking  
  57  5:14  SCV x2  
  57  5:21  Supply Depot  
  57  5:26  SCV, Viking x2  
  62  5:32  Supply Depot  
  62  5:43  Marine, Viking, Siege Tank  
  62  5:45  Supply Depot  
  70  5:56  Viking x2  
  72  6:00  Marine  
  73  6:05  SCV x2  
  73  6:07  Supply Depot  
  75  6:15  Siege Tank  
  75  6:16  Viking  
  80  6:21  Marine  
  81  6:27  Viking  
  81  6:28  Viking  
  81  6:31  SCV x2  
  87  6:36  Supply Depot  
  87  6:38  Supply Depot  
  87  6:39  Marine  
  80  6:43  SCV  
  79  6:50  Viking  
  79  6:51  Siege Tank  
  84  6:57  Marine  
  84  7:00  Viking  
  87  7:02  Liberator  
  90  7:10  SCV  
  90  7:11  SCV  
  90  7:15  Marine  
  87  7:21  Viking  
  87  7:24  Siege Tank  
  90  7:31  Liberator  
  90  7:33  Marine  
  94  7:39  SCV  
  94  7:40  SCV  
  94  7:42  Stimpack  
  96  7:47  Barracks  
  96  7:50  Marine  
  91  7:52  Barracks  
  91  7:56  Siege Tank  
  91  7:58  Viking x2  
  98  8:08  Marine  
  97  8:14  Viking  
  97  8:26  Marine  
  98  8:32  Siege Tank  
  85  8:35  Viking x2  
  88  8:43  Barracks Reactor x2  
  88  8:44  Marine  
  88  8:45  SCV x2  
  88  8:47  Barracks, Command Center  
  88  8:48  Barracks  
  90  8:53  Viking  
  92  9:02  Marine  
  91  9:08  SCV x2  
  98  9:10  Engineering Bay x2  
Show
View Real Time Build Order
Export as new Build Order

GuMiho Terran 

Build Orders:  

Get SALT Encoding   

  12  0:00  SCV  
  13  0:12  SCV  
  14  0:16  Supply Depot  
  14  0:24  SCV  
  15  0:38  SCV  
  15  0:39  Barracks  
  16  0:43  Refinery  
  16  0:50  SCV  
  16  0:52  Refinery  
  17  1:02  SCV  
  18  1:14  SCV  
  19  1:26  Orbital Command, Reaper  
  20  1:40  Factory  
  20  1:41  Supply Depot  
  20  1:51  SCV  
  21  1:58  Reaper  
  22  2:04  SCV  
  23  2:16  SCV  
  23  2:19  Command Center  
  24  2:25  Hellion  
  24  2:28  SCV  
  27  2:31  Barracks Reactor  
  27  2:35  Supply Depot  
  27  2:40  SCV  
  28  2:47  Factory Tech Lab  
  28  2:50  Starport  
  28  2:53  SCV  
  29  3:05  SCV, Cyclone  
  33  3:09  Marine  
  33  3:11  Marine  
  35  3:17  SCV  
  36  3:30  Medivac  
  36  3:33  Marine x2  
  40  3:35  Orbital Command, SCV  
  40  3:40  Cyclone  
  44  3:46  Refinery  
  44  3:47  SCV  
  45  3:51  Marine  
  45  3:52  Marine  
  47  4:00  Supply Depot  
  47  4:01  SCV x2  
  49  4:04  Starport Tech Lab  
  49  4:11  Marine x2  
  49  4:17  Siege Tank  
  54  4:21  SCV x2  
  54  4:23  Supply Depot  
  56  4:26  Raven  
  56  4:30  Supply Depot  
  58  4:34  Marine x2  
  54  4:51  Marine x2  
  55  4:57  Siege Tank  
  55  4:59  SCV x2  
  60  5:05  Raven, Command Center  
  62  5:09  Marine  
  62  5:11  SCV x2  
  65  5:23  SCV x2  
  67  5:29  Siege Tank  
  67  5:35  SCV x2  
  72  5:45  Supply Depot  
  72  5:47  SCV x2  
  74  5:51  Barracks  
  74  5:52  Stimpack, Starport Reactor  
  74  5:54  Barracks  
  74  5:59  SCV x2  
  74  6:01  Engineering Bay x2  
  76  6:07  Siege Tank, Supply Depot  
  79  6:11  SCV x2  
  79  6:12  Marine  
  82  6:19  Orbital Command  
  82  6:23  SCV x2  
  84  6:27  Barracks x2  
  78  6:46  Siege Tank  
  69  6:50  Viking x2  
  69  6:51  Marine x4  
  69  6:52  SCV x2  
  69  6:53  Terran Infantry Weapons Level 1  
  75  6:58  Terran Infantry Armor Level 1  
  75  7:08  Marine  
  75  7:09  Marine x3  
  72  7:19  Marine x2  
  72  7:21  Siege Tank  
  68  7:26  Marine x3  
  68  7:27  Marine  
  72  7:32  Combat Shield  
  72  7:36  Marine  
  72  7:37  Marine  
  74  7:44  Marine x4  
  74  7:46  Supply Depot  
  74  7:51  Medivac x2  
  77  7:54  Marine x2  
  79  8:01  Siege Tank  
  79  8:02  Marine x2  
  79  8:03  Marine x2  
  86  8:12  Marine x2  
  87  8:20  Marine x2  
  87  8:21  Marine x2  
  80  8:30  Marine x2  
  52  8:38  Marine x2  
  52  8:39  Marine x2, Siege Tank  
  56  8:46  SCV  
  56  8:47  SCV  
  60  8:52  SCV  
  58  8:55  Marine x2  
  58  8:57  Marine x2  
  58  8:58  SCV  
Tags
 
Add a new tag
Caveats
  • Supply blocks, unpowered buildings, or Contaminate may cause inaccurate times.
  • Supply counts are checked every 10 seconds.